Map: Interloper LE

Players

grannit - Winner!

  • Race: Terran Terran
  • League: Platinum
  • Spawn Location: 11:00

Yata

  • Race: Zerg Zerg
  • League: Gold
  • Spawn Location: 5:00

VOD

Have the link to the VOD?

Description

Time

  • Played on: Sept. 9, 2017, 9:25 p.m.
  • Length: 12:20
Show
View Real Time Build Order
Export as new Build Order

grannit Terran - Winner!

Build Orders: Mech 

Get SALT Encoding   

  12  0:01  SCV  
  13  0:13  SCV  
  14  0:19  Supply Depot  
  14  0:25  SCV  
  15  0:34  Refinery  
  15  0:40  SCV  
  16  0:46  Barracks  
  16  0:53  SCV  
  17  1:05  SCV  
  18  1:17  SCV  
  19  1:32  Orbital Command  
  19  1:34  Barracks Reactor  
  19  1:56  Command Center  
  19  2:02  Supply Depot  
  19  2:11  Marine x2  
  19  2:12  SCV  
  22  2:24  SCV  
  22  2:26  Factory  
  23  2:30  Marine x2  
  24  2:40  SCV  
  24  2:41  Refinery  
  25  2:45  Refinery  
  25  2:52  SCV  
  25  2:57  Supply Depot, Marine x2  
  28  3:07  SCV  
  29  3:14  Marine x2  
  31  3:20  Starport  
  31  3:27  Factory Reactor  
  31  3:28  SCV  
  31  3:33  Orbital Command  
  32  3:38  Marine  
  33  3:50  Marine  
  33  3:54  Supply Depot  
  34  3:55  SCV, Marine  
  36  4:03  SCV  
  36  4:08  Marine, SCV  
  39  4:13  Widow Mine x2, Marine  
  39  4:16  Medivac  
  46  4:20  SCV  
  47  4:26  Marine  
  48  4:42  Supply Depot  
  48  4:43  SCV  
  48  4:45  SCV  
  50  4:55  SCV  
  50  4:56  Marine x2  
  50  4:57  SCV  
  54  5:00  Factory  
  54  5:06  Supply Depot  
  54  5:07  SCV  
  54  5:09  SCV  
  56  5:18  Marine  
  56  5:19  SCV, Marine  
  56  5:20  Starport Tech Lab  
  59  5:21  SCV  
  59  5:25  Factory  
  60  5:28  Armory  
  60  5:33  SCV  
  61  5:36  Marine x2  
  63  5:45  SCV  
  57  5:54  Factory Tech Lab, Marine x2  
  54  5:58  SCV  
  54  6:02  Engineering Bay, Hellion x2  
  59  6:10  Supply Depot, SCV  
  58  6:11  SCV  
  58  6:12  Marine x2  
  61  6:21  Thor  
  61  6:22  SCV  
  61  6:23  SCV  
  69  6:26  Hellion x2  
  69  6:29  Command Center  
  69  6:30  Marine x2  
  75  6:35  SCV  
  75  6:36  Refinery  
  76  6:47  Hellion x2  
  76  6:48  SCV  
  76  6:50  Missile Turret  
  76  6:52  Missile Turret  
  76  6:53  Siege Tank  
  80  7:00  SCV  
  81  7:02  SCV  
  81  7:03  Starport Reactor  
  81  7:06  Missile Turret  
  82  7:12  SCV  
  82  7:14  Terran Vehicle Weapons Level 1, SCV  
  84  7:16  Supply Depot  
  84  7:18  Supply Depot  
  84  7:19  Hellion  
  86  7:27  Supply Depot  
  86  7:38  SCV x2, Hellion  
  86  7:41  Supply Depot  
  90  7:46  Marine x2  
  90  7:50  Thor, SCV  
  90  7:51  SCV, Siege Tank  
  102  7:52  Missile Turret  
  102  7:57  Missile Turret  
  103  8:02  Medivac, Hellion  
  103  8:04  Supply Depot  
  107  8:18  Marine  
  107  8:19  Marine  
  109  8:23  Thor  
  115  8:32  Hellion x2  
  110  8:45  Medivac  
  110  8:46  Factory  
  112  8:49  SCV x2  
  112  8:50  Planetary Fortress  
  116  9:03  Hellion x2  
  115  9:13  Thor  
  115  9:14  Siege Tank  
  122  9:17  Terran Vehicle Weapons Level 2  
  122  9:26  Refinery  
  122  9:27  Refinery  
  122  9:29  SCV  
  122  9:30  Supply Depot  
  123  9:38  Hellion x2  
  127  9:39  Medivac  
  127  9:41  SCV  
  130  9:52  Marine x2  
  132  9:53  Thor  
  132  9:55  SCV  
  132  9:59  Supply Depot  
  139  10:01  Supply Depot  
  129  10:16  Marine x2  
  129  10:17  Hellion  
  129  10:18  Medivac x2, Hellion  
  139  10:21  Factory Tech Lab  
  139  10:22  Factory  
  139  10:23  SCV  
  140  10:34  SCV, Missile Turret  
  140  10:35  SCV  
  142  10:40  Command Center  
  142  10:46  SCV  
  142  10:47  Marine x2  
  142  10:48  Hellion x2  
  142  10:49  Siege Tank  
  152  10:50  SCV  
  153  10:58  Supply Depot  
  153  10:59  Supply Depot, SCV x2  
  153  11:00  Missile Turret  
  155  11:10  Factory Reactor  
  155  11:15  Starport  
  155  11:17  Marine, Command Center  
  155  11:18  Marine  
  157  11:19  Hellion  
  159  11:27  Siege Tank  
  159  11:28  Siege Tank  
  165  11:42  Marine x2  
  165  11:44  Hellion  
  148  11:56  Hellion x4  
Show
View Real Time Build Order
Export as new Build Order

Yata Zerg 

Build Orders: Hatch First 

Get SALT Encoding   

  12  0:01  Drone  
  13  0:13  Overlord  
  13  0:19  Drone  
  14  0:31  Drone x2  
  14  0:35  Drone  
  17  0:56  Hatchery  
  16  0:57  Drone  
  16  0:59  Drone  
  18  1:11  Extractor  
  18  1:16  Spawning Pool  
  18  1:18  Drone  
  17  1:21  Drone  
  18  1:28  Drone  
  19  1:41  Overlord  
  19  2:03  Zergling x4  
  19  2:05  Queen  
  23  2:24  Drone x4  
  23  2:25  Queen  
  23  2:26  Metabolic Boost  
  29  2:44  Drone, Evolution Chamber  
  29  2:48  Baneling Nest  
  28  2:53  Overlord  
  28  2:56  Drone  
  28  2:57  Drone  
  30  3:13  Queen  
  30  3:14  Zerg Melee Weapons Level 1  
  30  3:18  Extractor  
  30  3:19  Drone x3  
  34  3:22  Drone  
  35  3:30  Drone x3  
  35  3:33  Baneling  
  35  3:34  Baneling  
  38  3:45  Drone x3  
  38  3:46  Drone x2  
  43  4:07  Pneumatized Carapace  
  43  4:12  Spine Crawler  
  42  4:17  Baneling x2  
  42  4:27  Hatchery  
  40  4:42  Zergling x10  
  40  4:45  Overlord x5  
  44  4:50  Lair  
  44  4:53  Evolution Chamber  
  43  5:07  Queen  
  43  5:10  Zergling x10  
  43  5:11  Zergling x2  
  43  5:13  Baneling x5  
  51  5:23  Extractor  
  51  5:24  Extractor  
  49  5:30  Baneling  
  49  5:31  Baneling x3  
  49  5:40  Zergling x12  
  49  5:41  Zergling x2  
  42  5:54  Drone x5  
  42  5:55  Drone x2  
  48  6:06  Queen  
  50  6:25  Spore Crawler  
  49  6:27  Drone x6  
  49  6:28  Drone x3  
  58  6:51  Drone x9  
  59  7:05  Drone x3  
  59  7:06  Hydralisk Den  
  61  7:14  Zergling x6  
  64  7:26  Zergling x10  
  69  7:31  Spore Crawler  
  69  7:32  Spore Crawler  
  69  7:34  Drone x7  
  74  7:42  Overlord x2  
  74  7:51  Muscular Augments  
  74  7:53  Zerg Ground Armor Level 1, Zerg Missile Weapons Level 1  
  74  7:54  Hydralisk  
  74  7:55  Hydralisk x3  
  82  8:00  Overlord x3  
  82  8:12  Hydralisk  
  82  8:13  Hydralisk x3  
  84  8:27  Zergling x16  
  84  8:28  Zergling x4  
  95  8:41  Hydralisk x2  
  91  8:48  Hydralisk  
  95  8:55  Hydralisk x4  
  97  9:02  Hydralisk  
  105  9:09  Hydralisk x2  
  105  9:17  Lurker Den  
  105  9:21  Overlord  
  105  9:22  Overlord  
  105  9:29  Zergling x4  
  107  9:37  Overlord  
  107  9:55  Hatchery  
  107  9:56  Hydralisk x5  
  105  10:10  Hydralisk x3  
  110  10:20  Zergling x4  
  112  10:35  Zergling x4  
  114  10:44  Zergling x4  
  116  11:03  Zergling x2  
  116  11:04  Zergling x10  
  122  11:08  Hatchery  
  122  11:10  Hydralisk x2  
  125  11:15  Zergling x8  
  128  11:29  Zergling x4  
  128  11:30  Zergling x8  
  128  11:32  Baneling x2  
  135  11:33  Baneling x11  
  126  11:53  Zergling x2  
  105  11:54  Zergling x14  
Tags
 
Composition
Mech
Matchup
TvZ
Replay Pack
Pack 1
Spawn Locations
Cross Positions
Add a new tag
Caveats
  • Supply blocks, unpowered buildings, or Contaminate may cause inaccurate times.
  • Supply counts are checked every 10 seconds.